 Dungeon Crawl Stone Soup version 0.16.1-11-g651b585 (webtiles) character file.

77 KarvaRausku the Ruffian (level 4, 0/35 HPs)
             Began as a Draconian Transmuter on Apr 7, 2015.
             Killed by nerve-wracking pain
             ... invoked by Grinder
              (5 damage)
             ... on level 3 of the Dungeon.
             The game lasted 00:04:26 (2118 turns).

KarvaRausku the Ruffian (Draconian Transmuter)      Turns: 2118, Time: 00:04:26

Health: 0/35       AC:  6    Str: 14    XL:     4   Next: 14%
Magic:  8/8        EV: 12    Int: 13    God:
Gold:   195        SH:  0    Dex: 11    Spells: 1 memorised, 7 levels left

rFire  . . .     SeeInvis .       - Unarmed
rCold  . . .     Clarity  .     (armour unavailable)
rNeg   . . .     SustAb   .     (no shield)
rPois  .         Gourm    .     (helmet restricted)
rElec  .         Spirit   .     h - +0 cloak
rCorr  .         Warding  .     (no gloves)
rMut   .         Stasis   .     (no boots)
MR     .....                    (no amulet)
Stlth  +.........               (no ring)
                                (no ring)

@: appendage (expiring), not resistant to hostile enchantments, very unstealthy
A: unfitting armour, horns 2, cold-blooded, AC +5
a: End Transformation


You were on level 3 of the Dungeon.
You were hungry.
You had grown temporary horns.
You visited 1 branch of the dungeon, and saw 3 of its levels.

You collected 195 gold pieces.

Inventory:

Missiles
 b - 12 arrows
Armour
 g - a +0 large shield
 h - a +0 cloak (worn)
Scrolls
 l - a scroll of fog {unknown}
 n - a scroll of remove curse {unknown}
 o - a scroll of identify {unknown}
 p - a scroll of random uselessness {unknown}
 q - a scroll of enchant weapon {unknown}
 r - a scroll of teleportation {unknown}
 t - a scroll of immolation {unknown}
Potions
 c - a potion of flight {unknown}
 e - a potion of resistance {unknown}
 i - a potion of cure mutation {unknown}
 j - a potion of heal wounds {unknown}
 k - 3 potions of curing {unknown}
 m - a potion of lignification {unknown}
Books
 d - a book of Changes

   Spells                             Type                      Level
   a - Beastly Appendage              Transmutation                1
   b - Sticks to Snakes               Transmutation                2
   c - Spider Form                    Transmutation/Poison         3
   d - Ice Form                       Ice/Transmutation            4
   e - Blade Hands                    Transmutation                5
Comestibles
 a - 2 bread rations
 f - a meat ration
 s - 6 fruits


   Skills:
 + Level 1.5 Fighting
 + Level 2.2 Dodging
 + Level 3.6 Unarmed Combat
 * Level 2.7 Spellcasting
 + Level 2.6 Transmutations


You had 7 spell levels left.
You knew the following spells:

 Your Spells              Type           Power        Failure   Level  Hunger
a - Beastly Appendage     Trmt           #.....       10%         1    #......


Dungeon Overview and Level Annotations

Branches:
Dungeon (3/15)

Altars:
Dithmenos
Fedhas
Trog
Yredelemnul
The Shining One

Annotations:
D:3 Grinder


Innate Abilities, Weirdness & Mutations

Your plain brown scales are hard (AC +5).
Your body does not fit into most forms of armour.
Your cold-blooded metabolism reacts poorly to cold.
You have a pair of horns on your head.


Message History

Grinder is lightly wounded.
A quokka comes into view.
You closely miss Grinder.
Grinder is lightly wounded.
Grinder says, "Are you a fish?" Grinder hits you.
You barely miss Grinder. Your headbutt misses Grinder.
Your tail-slap misses Grinder.
Grinder is lightly wounded.
Grinder gestures at you. Pain shoots through your body!
You hit Grinder.
Grinder is moderately wounded.
Your transformation is almost over.
Grinder hits you.
* * * LOW HITPOINT WARNING * * *
You are too injured to fight recklessly!
Grinder gestures at you. Pain shoots through your body!
You die...

##### #...#
##.#############...#########
......r.K5.@...'...'.....>..
##.#####.b.#####...######+##
#...# #...# #...... #...#
#...# #......
#####...#####(..# #......
.............##### #......
####......#...#####......
#......#.......#......
#......#..............


You could see Grinder, a quokka, a bat and a kobold.

Vanquished Creatures
  A giant mite (D:1)
  3 worms (D:2)
  A giant gecko (D:2)
  An ooze (D:1)
  3 giant cockroaches
  5 goblins (D:1)
  8 hobgoblins
  6 kobolds
  A quokka (D:2)
  13 bats
  2 giant newts
  7 rats
51 creatures vanquished.

Notes
Turn   | Place    | Note
--------------------------------------------------------------
     0 | D:1      | KarvaRausku, the Draconian Transmuter, began the quest for the Orb.
     0 | D:1      | Reached XP level 1. HP: 16/16 MP: 3/3
   129 | D:1      | Reached XP level 2. HP: 18/23 MP: 2/4
   711 | D:1      | Reached XP level 3. HP: 28/28 MP: 4/6
  1451 | D:2      | Found a blossoming altar of Fedhas.
  1465 | D:2      | Found a shadowy altar of Dithmenos.
  1468 | D:2      | Found a bloodstained altar of Trog.
  1471 | D:2      | Found a basalt altar of Yredelemnul.
  1700 | D:2      | Found a blossoming altar of Fedhas.
  1801 | D:2      | Reached XP level 4. HP: 35/35 MP: 6/8
  1905 | D:2      | Found a glowing golden altar of the Shining One.
  2106 | D:3      | Noticed Grinder
  2118 | D:3      | Killed from afar by Grinder

Action                   |  1- 3 |  4- 6 || total
-------------------------+-------+-------++-------
Melee: Unarmed           |   155 |    12 ||   167
 Cast: Beastly Appendage |    26 |     3 ||    29
  Eat: Chunk             |     3 |     1 ||     4
